 Dungeon Crawl Stone Soup version 0.30-a0-313-gae38170b09 (webtiles) character file.

Game seed: 15710102254725720463

612 quakins the Vexing (level 7, -5/53 HPs)
             Began as a Gnoll Hexslinger on Oct 26, 2022.
             Was a Follower of Fedhas.
             Slain by Duvessa
             ... wielding a +0 short sword
              (7 damage)
             ... on level 6 of the Dungeon.
             The game lasted 00:18:18 (5085 turns).

quakins the Vexing (Gnoll Hexslinger)               Turns: 5085, Time: 00:18:19

Health: -5/53      AC:  3    Str:  9    XL:     7   Next: 44%
Magic:  1/12       EV: 14    Int: 12    God:    Fedhas [*.....]
Gold:   222        SH:  0    Dex: 15    Spells: 6/13 levels left

rFire   . . .      SeeInvis .    a - +1 sling
rCold   . . .      Faith    .    (no shield)
rNeg    . . .      Spirit   .    c - +0 robe
rPois   .          Reflect  .    (no helmet)
rElec   .          Harm     .    k - +0 cloak
rCorr   .          Rampage  .    (no gloves)
Will    .....                    (no boots)
Stlth   ++........               q - amulet of regeneration
HPRegen 1.08/turn                (no ring)
MPRegen 0.13/turn                (no ring)

@: portalling projectiles, very slightly contaminated
A: fangs 1, strong nose, distributed training
a: Renounce Religion


You were on level 6 of the Dungeon.
You worshipped Fedhas.
Fedhas was aware of your devotion.
You visited 1 branch of the dungeon, and saw 6 of its levels.

You collected 222 gold pieces.

Inventory:

Hand Weapons
 a - a +1 sling (weapon)
Missiles
 m - 5 poisoned darts
Armour
 c - a +0 robe (worn)
 k - a +0 cloak (worn)
Jewellery
 q - an amulet of regeneration (around neck)
Wands
 s - a wand of polymorph (8)
Scrolls
 b - 2 scrolls of poison
 d - 4 scrolls of identify
 f - a scroll of noise {unknown}
 g - a scroll of silence {unknown}
 i - a scroll of vulnerability {unknown}
 j - a scroll of amnesia {unknown}
 l - a scroll of teleportation
 n - 3 scrolls of enchant armour
 o - a scroll of summoning {unknown}
 u - a scroll of immolation {unknown}
Potions
 e - 3 potions of curing
 h - a potion of attraction {unknown}
 p - a potion of berserk rage {unknown}
 r - a potion of degeneration {unknown}
 t - 2 potions of cancellation {unknown}
 v - a potion of heal wounds {unknown}


   Skills:
 + Level 3.7 Fighting
 + Level 2.6 Short Blades
 + Level 2.6 Long Blades
 + Level 2.6 Axes
 + Level 2.6 Maces & Flails
 + Level 2.6 Polearms
 + Level 2.6 Staves
 + Level 5.3 Ranged Weapons
 + Level 2.6 Throwing
 + Level 2.6 Armour
 + Level 5.3 Dodging
 + Level 2.6 Stealth
 + Level 2.6 Shields
 + Level 2.6 Unarmed Combat
 + Level 3.9 Spellcasting
 + Level 2.1 Conjurations
 + Level 5.9 Hexes
 + Level 2.1 Summonings
 + Level 2.1 Necromancy
 + Level 2.1 Translocations
 + Level 2.1 Transmutations
 + Level 2.1 Fire Magic
 + Level 2.1 Ice Magic
 + Level 2.1 Air Magic
 + Level 2.1 Earth Magic
 + Level 2.1 Poison Magic
 + Level 2.9 Invocations
 + Level 2.6 Evocations


You had 6 spell levels left.
You knew the following spells:

 Your Spells              Type           Power      Damage    Failure   Level
a - Slow                  Hex            64%        N/A       1%          1
b - Inner Flame           Hex/Fire       11%        N/A       13%         3
c - Portal Projectile     Hex/Tloc       22%        N/A       13%         3

Your spell library contained the following spells:

 Spells                   Type           Power      Damage    Failure   Level
 Cause Fear               Hex            8%         N/A       21%         4


Dungeon Overview and Level Annotations

Branches:
Dungeon (6/15)             Temple (0/1) D:5

Altars:
Fedhas
Okawaru
The Shining One

Annotations:
D:4 Darkkill's ghost, amateur MiHu
D:5 Sigmund
D:6 Dowan; Duvessa


Innate Abilities, Weirdness & Mutations

You have very sharp teeth.
Your uncanny sense of smell can sniff out nearby items.
Your experience applies equally to all skills.


Message History

The ufetubus hits you but does no damage.
The hound closely misses you. Duvessa hits you with a +0 short sword.
Fire: a) +1 sling
Press: ? - help, Q - select action, (/) - cycle Shift-Dir - straight line, f/p - ufetubus
Aim: an ufetubus (inner flame, 42% to hit)
You magically shoot a sling bullet.
The sling bullet closely misses the ufetubus.
An ufetubus comes into view.
The hound misses you. The ufetubus barely misses you. The ufetubus hits you.
Duvessa hits you with a +0 short sword! The hound bites you but does no damage.
The ufetubus barely misses you. x2
Fire: a) +1 sling
Press: ? - help, Q - select action, (/) - cycle Shift-Dir - straight line, f/p - ufetubus
Aim: an ufetubus (inner flame, 42% to hit)
You magically shoot a sling bullet.
The sling bullet closely misses the ufetubus.
The ufetubus shouts!
The hound barely misses you. The ufetubus barely misses you.
The ufetubus hits you. Duvessa hits you with a +0 short sword.
Fire: a) +1 sling
Press: ? - help, Q - select action, (/) - cycle Shift-Dir - straight line, f/p - ufetubus
Aim: an ufetubus (inner flame, 42% to hit)
You shoot a sling bullet.
The sling bullet barely misses the ufetubus.
The hound bites you.
* * * LOW HITPOINT WARNING * * *
The ufetubus barely misses you. The ufetubus closely misses you.
The ufetubus hits you.
* * * LOW HITPOINT WARNING * * *
The ufetubus barely misses you.
Dowan says, "There's a certain beauty in death, don't you think?"
Duvessa hits you with a +0 short sword!
* * * LOW HITPOINT WARNING * * *
The hound bites you.
* * * LOW HITPOINT WARNING * * *
The hound misses you. The ufetubus hits you.
* * * LOW HITPOINT WARNING * * *
The ufetubus completely misses you. Duvessa hits you with a +0 short sword!
You die...
Fedhas appreciates your contribution to the ecosystem.

## .. ###.#
#@..#
.....5eh5......
..............#
......∩....)###
....e.......#
##..........#
#............
..............


You could see Duvessa, Dowan, a hound and 2 ufetubi.

Vanquished Creatures
  An ogre (D:5)
  A phantom (D:3)
  Blork the orc (D:5)
  A centaur skeleton (D:4)
  4 iguanas (D:5)
  4 gnolls (D:4)
  A howler monkey skeleton (D:4)
  8 adders
  A shadow imp (D:6)
  2 ufetubi
  3 worms (D:2)
  3 dart slugs
  4 orcs
  3 bats
  9 endoplasms
  3 giant cockroaches
  10 goblins
  17 hobgoblins
  5 jackals
  A quokka (D:3)
  9 ball pythons
  3 frilled lizards
  9 kobolds
  8 rats
111 creatures vanquished.

Notes
Turn   | Place    | Note
-------+----------+-------------------------------------------
     0 | D:1      | quakins the Gnoll Hexslinger began the quest for the Orb.
     0 | D:1      | Reached XP level 1. HP: 17/17 MP: 4/4
   164 | D:1      | Reached XP level 2. HP: 20/23 MP: 5/5
   833 | D:1      | Reached XP level 3. HP: 24/28 MP: 7/7
  1166 | D:2      | Reached skill level 1 in Invocations
  1194 | D:2      | Reached skill level 1 in Short Blades
  1194 | D:2      | Reached skill level 1 in Long Blades
  1194 | D:2      | Reached skill level 1 in Axes
  1194 | D:2      | Reached skill level 1 in Maces & Flails
  1194 | D:2      | Reached skill level 1 in Polearms
  1194 | D:2      | Reached skill level 1 in Staves
  1194 | D:2      | Reached skill level 1 in Throwing
  1194 | D:2      | Reached skill level 1 in Armour
  1194 | D:2      | Reached skill level 1 in Stealth
  1194 | D:2      | Reached skill level 1 in Shields
  1194 | D:2      | Reached skill level 1 in Unarmed Combat
  1194 | D:2      | Reached skill level 1 in Evocations
  1483 | D:2      | Reached XP level 4. HP: 31/34 MP: 8/8
  1684 | D:2      | Reached skill level 1 in Conjurations
  1684 | D:2      | Reached skill level 1 in Summonings
  1684 | D:2      | Reached skill level 1 in Necromancy
  1684 | D:2      | Reached skill level 1 in Translocations
  1684 | D:2      | Reached skill level 1 in Transmutations
  1684 | D:2      | Reached skill level 1 in Fire Magic
  1684 | D:2      | Reached skill level 1 in Ice Magic
  1684 | D:2      | Reached skill level 1 in Air Magic
  1684 | D:2      | Reached skill level 1 in Earth Magic
  1684 | D:2      | Reached skill level 1 in Poison Magic
  1846 | D:2      | Found a glowing golden altar of the Shining One.
  1891 | D:2      | Became a worshipper of the Shining One
  2348 | D:3      | Reached XP level 5. HP: 40/40 MP: 9/9
  2383 | D:3      | Noticed a phantom
  2398 | D:3      | Killed a phantom
  2705 | D:3      | Found a blossoming altar of Fedhas.
  2855 | D:3      | Fell from the grace of the Shining One
  2855 | D:3      | Became a worshipper of Fedhas Madash
  3041 | D:4      | Reached XP level 6. HP: 20/47 MP: 11/11
  3492 | D:4      | Reached skill level 5 in Ranged Weapons
  3492 | D:4      | Reached skill level 5 in Dodging
  3734 | D:4      | Reached * piety under Fedhas
  3754 | D:4      | Found an iron altar of Okawaru.
  4045 | D:4      | Found a runed translucent gate.
  4045 | D:4      | Found a runed translucent gate.
  4048 | D:4      | Found a runed translucent gate.
  4069 | D:4      | Noticed Darkkill's ghost (amateur MiHu)
  4551 | D:5      | Entered Level 5 of the Dungeon
  4740 | D:5      | Learned a level 3 spell: Inner Flame
  4744 | D:5      | Learned a level 3 spell: Portal Projectile
  4843 | D:5      | Reached XP level 7. HP: 52/52 MP: 12/12
  4909 | D:5      | Found a staircase to the Ecumenical Temple.
  4909 | D:5      | Noticed Blork the orc
  4921 | D:5      | Killed Blork the orc
  4972 | D:5      | Noticed Sigmund
  5009 | D:5      | Noticed a hornet
  5010 | D:5      | Noticed a two-headed ogre
  5014 | D:5      | Noticed a steam dragon
  5071 | D:6      | Noticed Duvessa
  5077 | D:6      | Noticed Dowan
  5084 | D:6      | HP: 1/53 [hound (2)]
  5085 | D:6      | Slain by Duvessa

Illustrated notes

Levels and vault maps discovered:
D:1:      spicycebolla_arrival_transporter_tutorial, layout_loops_ring,
          hex_medium
D:2:      kennysheep_big_flooded_room, layout_loops_corners, basic_altar
D:3:      layout_rooms, fedhas_altar_4
D:4:      layout_loops_ring, okawaru_altar_gauntlet_db,
          gammafunk_ghost_necromancy, due_unseen_surprise
D:5:      layout_basic, temple_hall, serial_shops, nicolae_lakefront_shop,
          minmay_manual_mail, uniq_sigmund, uniq_blork_the_orc
D:6:      layout_cave_pools, elyvilon_altar_1, nicolae_qazlal_style_of_elements,
          serial_demonic, serial_demonic_d, serial_demonic_e, serial_demonic_f,
          serial_demonic_f, serial_bayou_pond_e, uniq_duvessa

Skill      XL: |  1  2  3  4  5  6 |
---------------+-------------------+-----
Invocations    | 1 2 |  2.9
Short Blades   | 1 2 |  2.6
Long Blades    | 1 2 |  2.6
Axes           | 1 2 |  2.6
Maces & Flails | 1 2 |  2.6
Polearms       | 1 2 |  2.6
Staves         | 1 2 |  2.6
Throwing       | 1 2 |  2.6
Armour         | 1 2 |  2.6
Stealth        | 1 2 |  2.6
Shields        | 1 2 |  2.6
Unarmed Combat | 1 2 |  2.6
Evocations     | 1 2 |  2.6
Spellcasting   | 3 |  3.9
Conjurations   | 1 2 |  2.1
Summonings     | 1 2 |  2.1
Necromancy     | 1 2 |  2.1
Translocations | 1 2 |  2.1
Transmutations | 1 2 |  2.1
Fire Magic     | 1 2 |  2.1
Ice Magic      | 1 2 |  2.1
Air Magic      | 1 2 |  2.1
Earth Magic    | 1 2 |  2.1
Poison Magic   | 1 2 |  2.1
Fighting       | 3 |  3.7
Ranged Weapons | 5 |  5.3
Dodging        | 5 |  5.3
Hexes          | |  5.9

Action                   |  1- 3 |  4- 6 |  7- 9 || total
-------------------------+-------+-------+-------++-------
 Fire: Sling             |   136 |   340 |    54 ||   530
 Cast: Slow              |     2 |     1 |       ||     3
       Portal Projectile |       |       |     1 ||     1
       Inner Flame       |       |       |     1 ||     1
  Use: Scroll            |       |     5 |       ||     5
Armor: Robe              |     9 |    36 |    11 ||    56
Dodge: Dodged            |    38 |   179 |    51 ||   268

Table legend: (Time is in decaauts)
 A = Elapsed time spent in this place.
 B = Non-inter-level travel time spent in this place.
 C = Inter-level travel time spent in this place.
 D = Time resting spent in this place.
 E = Time spent auto-exploring this place.
 F = Levels seen in this place.
 G = Mean time per level.
                   A        B        C        D        E       F      G
               +--------+--------+--------+--------+--------+-----+--------+
         Total |   5171 |   4819 |    352 |    436 |   3386 |   6 |  861.8 |
       Dungeon |   5171 |   4819 |    352 |    436 |   3386 |   6 |  861.8 |
               +--------+--------+--------+--------+--------+-----+--------+

Top non-repeatable levels by time:
     D:4: 1738 daAuts
     D:2: 1150 daAuts
     D:1: 1099 daAuts
     D:3: 688 daAuts
     D:5: 477 daAuts
     D:6: 16 daAuts
